 Dungeon Crawl Stone Soup version 0.31-a0-128-g25add195a6 (webtiles) character file.

Game seed: 7716060873206812121

205 sanka the Conjurer (level 5, -3/38 HPs)
             Began as a Demigod Conjurer on June 1, 2023.
             Slain by Edmund
             ... wielding a +1 dire flail of holy wrath
              (5 damage)
             ... on level 4 of the Dungeon.
             The game lasted 00:05:29 (3072 turns).

sanka the Conjurer (Demigod Conjurer)               Turns: 3072, Time: 00:05:30

Health: -3/38      AC:  4    Str:  8    XL:     5   Next: 27%
Magic:  11/12      EV: 12    Int: 24    God:
Gold:   176        SH:  0    Dex: 12    Spells: 7/10 levels left

rFire   . . .        c - +4 dagger
rCold   . . .        (no shield)
rNeg    . . .        a - +0 robe
rPois   .            (no helmet)
rElec   .            h - +0 cloak
rCorr   .            (no gloves)
SInv    .            i - +0 pair of boots
Will    .....        o - amulet of the acrobat
Stlth   ++           (no ring)
HPRegen 0.26/turn    (no ring)
MPRegen 0.13/turn

%: acrobat
@: no status effects
A: high MP 1, forlorn, divine attributes
a: no special abilities


You were on level 4 of the Dungeon.
You visited 1 branch of the dungeon, and saw 4 of its levels.

You collected 176 gold pieces.


Innate Abilities, Weirdness & Mutations

You have an increased reservoir of magic. (+10% MP)
You shall have no god before yourself.
Your divine heritage dramatically boosts your attributes as you level up.


   Skills:
 - Level 1.7 Dodging
 - Level 1.7 Stealth
 - Level 3.0 Spellcasting
 + Level 5.6 Conjurations


You had 7 spell levels left.
You knew the following spells:

 Your Spells              Type           Power      Damage    Failure   Level
x - Searing Ray           Conj           60%        2d6       1%          2
z - Magic Dart            Conj           100%       1d8       1%          1

Your spell library contained the following spells:

 Spells                   Type           Power      Damage    Failure   Level
 Shock                    Conj/Air       68%        1d7       3%          1
 Momentum Strike          Conj/Tloc      34%        3d8       5%          2
 Summon Small Mammal      Summ           12%        N/A       11%         1
 Dazzling Flash           Conj/Hex       34%        N/A       11%         3
 Blink                    Tloc           6%         N/A       16%         2
 Lesser Beckoning         Tloc           6%         N/A       16%         2
 Scorch                   Fire           6%         2d5       16%         2
 Call Canine Familiar     Summ           3%         N/A       32%         3
 Portal Projectile        Hex/Tloc       6%         N/A       32%         3
 Summon Guardian Golem    Hex/Summ       3%         N/A       32%         3
 Swiftness                Air            3%         N/A       32%         3
 Tukima's Dance           Hex            3%         N/A       32%         3
 Flame Wave               Conj/Fire      17%        2d7       34%         4
 Fulminant Prism          Conj/Hex       8%         3d6       34%         4
 Iskenderun's Mystic Bla  Conj/Tloc      17%        2d5       34%         4
 Airstrike                Air            1%         2d(1-17)  71%         4
 Blade Hands              Tmut           1%         N/A       96%         5
 Summon Cactus Giant      Summ           1%         N/A       100%        6

Inventory:

Hand Weapons
 c - a +4 dagger (weapon)
Armour
 a - a +0 robe (worn)
 h - a +0 cloak (worn)
 i - a +0 pair of boots (worn)
 n - a +2 cloak
Magical Staves
 e - a staff of earth
 r - a staff of air
Jewellery
 o - an amulet of the acrobat (around neck)
Scrolls
 d - 3 scrolls of fear {unknown}
 f - a scroll of vulnerability {unknown}
 k - 2 scrolls of identify {unknown}
 p - a scroll of noise {unknown}
 s - a scroll of enchant weapon {unknown}
 t - a scroll of poison {unknown}
 u - a scroll of teleportation {unknown}
Potions
 j - 3 potions of invisibility
 l - a potion of enlightenment {unknown}
 m - a potion of heal wounds {unknown}
 q - 2 potions of degeneration {unknown}

Dungeon Overview and Level Annotations

Branches:
Dungeon (4/15)
 Temple: D:4-7

Shops:
D:1 :   D:3 :

Annotations:
D:4 Dowan, Duvessa, Edmund

▒▒▒▒▒▒▒▒+▒▒▒
▒..gp@..<..▒
▒..▒.▒▒.......▒
▒..▒..▒▒....▒....
▒. ▒......▒.▒ ▒..
.. ..▒....▒..▒ .
▒. ..▒▒.........
▒ .▒▒ ▒...▒▒▒.▒..
▒▒ ▒...▒ ....


You could see Edmund and a hobgoblin.


Message History

You kill the giant cockroach!
The searing ray misses Edmund.
The searing ray hits the adder!
The adder is almost dead. (Press . to maintain the ray.)
The hobgoblin shouts!
Unknown command.
The searing ray hits Edmund.
Edmund is severely wounded.
The searing ray hits the adder!
You kill the adder!
The hobgoblin hits you but does no damage.
Edmund completely misses you.
Unknown command.
You aren't carrying any items that you can evoke.
The hobgoblin barely misses you.
Edmund hits you with a +1 dire flail of holy wrath!
* * * LOW HITPOINT WARNING * * *
Magic courses through your body.
The hobgoblin hits you but does no damage.
Edmund hits you but does no damage.
Aiming: Searing Ray (safe; 1% risk of failure)
Press: ? - help, Shift-Dir - straight line, f - Edmund
Aim: Edmund, wielding a +1 dire flail of holy wrath, wearing a +0 leather armour and carrying a wand of flame (14) (severely wounded, 79% to hit)
The searing ray hits Edmund!
Edmund is almost dead. (Press . to maintain the ray.)
The hobgoblin barely misses you.
Edmund hits you with a +1 dire flail of holy wrath.
You die...

Action                     |  1- 3 |  4- 6 || total
---------------------------+-------+-------++-------
  Melee: Unarmed           |     2 |       ||     2
         Dagger            |     6 |       ||     6
   Cast: Magic Dart        |    78 |    54 ||   132
         Searing Ray       |     2 |     6 ||     8
    Use: Potion            |       |     2 ||     2
 Armour: Robe              |     4 |     7 ||    11
  Dodge: Dodged            |     3 |    17 ||    20

Levels and vault maps discovered:
D:1:      kennysheep_arrival_seaside, layout_basic, serial_shops,
          nicolae_shop_peninsula, shapermc_ecumenical_altar_notcrosses,
          st_stairs_10, supply_closet_lemuel, hangedman_decor_points
D:2:      layout_basic, basic_altar, uniq_terence
D:3:      cheibrodos_old_hovel, layout_rooms, serial_shops,
          nicolae_shop_window_shopping, uniq_jessica
D:4:      layout_rooms, mainiacjoe_overflow_alcove_4,
          nicolae_yredelemnul_ghost_church,
          nicolae_hepliaklqana_monster_ancestors, minmay_temple_entry_hall,
          serial_glass, glass_columns_a, glass_columns_c, uniq_duvessa,
          uniq_pikel, uniq_robin, uniq_edmund, uniq_blork_the_orc

Notes
Turn   | Place    | Note
-------+----------+-------------------------------------------
     0 | D:1      | sanka the Demigod Conjurer began the quest for the Orb.
     0 | D:1      | Reached XP level 1. HP: 14/14 MP: 5/5
    81 | D:1      | Found Faich's Book Emporium.
   103 | D:1      | Reached skill level 2 in Spellcasting
   151 | D:1      | Reached XP level 2. HP: 13/20 MP: 0/7
   403 | D:1      | Reached skill level 4 in Conjurations
   849 | D:1      | Reached XP level 3. HP: 26/26 MP: 6/9
  1417 | D:2      | Learned a level 2 spell: Searing Ray
  1452 | D:2      | Noticed Terence
  1459 | D:2      | Killed Terence
  1679 | D:2      | Reached XP level 4. HP: 33/33 MP: 6/11
  1681 | D:2      | Reached skill level 3 in Spellcasting
  2259 | D:2      | Reached skill level 5 in Conjurations
  2520 | D:3      | Found Isuamp's Book Emporium.
  2576 | D:3      | Noticed Jessica
  2579 | D:3      | Killed Jessica
  2822 | D:3      | Reached XP level 5. HP: 38/38 MP: 6/12
  2990 | D:4      | Noticed Duvessa
  2990 | D:4      | Noticed Dowan
  3055 | D:4      | Noticed Edmund
  3067 | D:4      | HP: 3/38 [poisoned by an adder]
  3072 | D:4      | Slain by Edmund

Vanquished Creatures
  A hound (D:3)
  Terence (D:2)
  Jessica (D:3)
  4 adders
  A dart slug (D:1)
  An orc (D:3)
  9 bats
  13 endoplasms
  5 giant cockroaches
  8 hobgoblins
  5 jackals (D:2)
  4 kobolds
  A quokka (D:3)
  4 ball pythons
  A frilled lizard (D:2)
  11 goblins
  3 rats
73 creatures vanquished.
